 Dungeon Crawl Stone Soup version 0.23.0 (webtiles) character file.

Game seed: 17460583909469059273

49 kkeya the Grave Robber (level 3, -7/25 HPs)
             Began as a Merfolk Necromancer on Feb 11, 2019.
             Was an Initiate of Okawaru.
             Mangled by an orc
             ... wielding a +0 flail
              (10 damage)
             ... on level 3 of the Dungeon.
             The game lasted 00:11:23 (1616 turns).

kkeya the Grave Robber (Merfolk Necromancer)        Turns: 1616, Time: 00:11:24

Health: -7/25      AC:  3    Str:  8    XL:     3   Next: 77%
Magic:  0/7        EV: 13    Int: 15    God:    Okawaru [......]
Gold:   58         SH:  0    Dex: 14    Spells: 5/7 levels left

rFire    . . .     SeeInvis .   f - +1 falchion
rCold    . . .     Gourm    .   (no shield)
rNeg     . . .     Faith    .   a - +1 robe
rPois    .         Spirit   .   (no helmet)
rElec    .         Reflect  .   (no cloak)
rCorr    +         Harm     .   (no gloves)
MR       .....                  (no boots)
Stlth    ++........             (no amulet)
HPRegen  0.08/turn              k - ring of resist corrosion
MPRegen  0.10/turn              (no ring)

@: very slightly contaminated
A: change form in water, swift swim, stealthy swim
a: Renounce Religion


You were on level 3 of the Dungeon.
You worshipped Okawaru.
Okawaru was noncommittal.
You were full.

You visited 1 branch of the dungeon, and saw 3 of its levels.

You collected 58 gold pieces.

Inventory:

Hand Weapons
 b - a +0 hunting sling
 f - a +1 falchion (weapon)
Missiles
 e - 36 stones (quivered)
 h - 18 sling bullets
Armour
 a - a +1 robe (worn)
Jewellery
 k - a ring of resist corrosion (left hand)
Scrolls
 d - 3 scrolls of teleportation
 i - 2 scrolls of identify
Potions
 g - a potion of curing
 l - a potion of might
Comestibles
 c - 2 rations


   Skills:
 + Level 0.4 Fighting
 + Level 0.1 Long Blades
 + Level 0.3 Slings
 + Level 2.7 Dodging
 + Level 2.4 Stealth
 + Level 2.8 Spellcasting
 + Level 3.6 Necromancy


You had 5 spell levels left.
You knew the following spells:

 Your Spells              Type           Power        Failure   Level  Hunger
a - Pain                  Necr           ##..         4%          1    #......
b - Animate Skeleton      Necr           N/A          4%          1    #......

Your spell library contained the following spells:

 Spells                   Type           Power        Failure   Level  Hunger
 Vampiric Draining        Necr           ##........   14%         3    ###....
 Regeneration             Chrm/Necr      #.........   28%         3    ###....
 Animate Dead             Necr           N/A          41%         4    #####..


Dungeon Overview and Level Annotations

Branches:
Dungeon (3/15)

Altars:
Okawaru
Qazlal


Message History

Okawaru accepts your kill. The leopard gecko bites you.
* * * LOW HITPOINT WARNING * * *
An orc comes into view. It is wielding a +0 club.
The orc shouts!
You hit the leopard gecko.
You kill the leopard gecko!
Okawaru accepts your kill.
You hear a shout!
Casting: Pain (safe; 4% risk of failure)
Confirm with . or Enter, or press ? or * to list all spells.
Aiming: Pain (safe; 4% risk of failure)
Press: ? - help, Shift-Dir - straight line, f - orc
Aim: an orc, wielding a +0 flail and wearing a +0 ring mail (chance to defeat MR: 83%)
The orc writhes in agony.
The orc shouts!
The orc barely misses you.
There is a stone staircase leading up here.
The orc hits you with a +0 flail!
You die...

..[.....#
........#
........#
........#
.....<..# ### #
........# .. .#
######o## ##.##.#
#o# #.....# #.#
#@.# #o##### #o.#
.#
#.#...#$###..##.#
#.>###....)....#
#..#.o.o...o..##
#(.#.#.####..#.#
#$#...# #..##.#
#o/..........
...# #.#
.....###.#####
#.## ...


You could see 2 orcs.

Vanquished Creatures
  An orc wizard (D:3)
  An adder (D:2)
  A worm (D:2)
  A leopard gecko (D:3)
  3 goblins
  2 kobolds (D:2)
  3 bats
  3 rats
15 creatures vanquished.

Notes
Turn   | Place    | Note
-------+----------+-------------------------------------------
     0 | D:1      | kkeya the Merfolk Necromancer began the quest for the Orb.
     0 | D:1      | Reached XP level 1. HP: 13/13 MP: 3/3
    71 | D:1      | Found an iron altar of Okawaru.
    99 | D:1      | Became a worshipper of Warmaster Okawaru
   500 | D:2      | Reached XP level 2. HP: 16/19 MP: 0/5
   536 | D:2      | Found a stormy altar of Qazlal.
   538 | D:2      | Noticed a water elemental
   538 | D:2      | Noticed an earth elemental
   539 | D:2      | Noticed a fire elemental
   539 | D:2      | Noticed an air elemental
   996 | D:2      | Learned a level 1 spell: Animate Skeleton
  1594 | D:3      | Reached XP level 3. HP: 24/24 MP: 5/7
  1616 | D:3      | Mangled by an orc

Action                   || total
-------------------------++-------
Melee: Unarmed           ||     3
       Falchion          ||     5
 Fire: Hunting sling     ||    10
 Cast: Pain              ||    33
       Animate Skeleton  ||     3
  Use: Scroll            ||     5
       Potion            ||     2
  Eat: Ration            ||     2
Armor: Robe              ||    10
Dodge: Dodged            ||    34
       Rpst.: Falchion   ||     3
